 Dungeon Crawl Stone Soup version 0.29-a0-757-g358383bc75 (webtiles) character file.

Game seed: 14325627488529689368

1122 jifgo the Covert (level 8, -3/39 HPs)
             Began as a Spriggan Hunter on July 1, 2022.
             Asphyxiated
             ... on level 5 of the Dungeon.
             The game lasted 00:18:53 (7026 turns).

jifgo the Covert (Spriggan Hunter)                  Turns: 7026, Time: 00:18:53

Health: -3/39      AC:  3    Str:  7    XL:     8   Next: 12%
Magic:  9/9        EV: 20    Int: 16    God:
Gold:   253        SH:  5    Dex: 27    Spells: 3/7 levels left

rFire   . . .      SeeInvis +   a - +0 shortbow
rCold   . . .      Faith    .   (shield currently unavailable)
rNeg    . . .      Spirit   .   c - +0 robe
rPois   .          Reflect  +   q - +0 hat {SInv}
rElec   .          Harm     .   D - +0 cloak
rCorr   .          Rampage  .   (gloves unavailable)
Will    +....                   (boots unavailable)
Stlth   +++++.....              f - amulet of reflection
HPRegen 0.13/turn               i - +6 ring of intelligence
MPRegen 0.11/turn               p - +6 ring of dexterity

@: lethally poisoned (-3 -> -10), slowed, quick
A: very small, no large weapons, unfitting armour, see invisible, speed 3
a: no special abilities


You were on level 5 of the Dungeon.
You visited 1 branch of the dungeon, and saw 6 of its levels.

You collected 253 gold pieces.

Inventory:

Hand Weapons
 a - a +0 shortbow (weapon)
 b - the +9 mace "Gaong" {vorpal, MP+9 Dex+4}
   (You found it on level 5 of the Dungeon)

   It inflicts extra damage upon your enemies.
   Dex:       It affects your dexterity (+4).
   MP:        It affects your magic capacity (+9).
 e - a +0 spear
 h - a +0 short sword
 C - a +0 short sword of venom
Missiles
 r - a curare-tipped dart
 t - 7 boomerangs
 u - 5 poisoned darts
Armour
 c - a +0 robe (worn)
 q - a +0 hat of see invisible (worn)
 D - a +0 cloak (worn)
Jewellery
 f - an amulet of reflection (around neck)
 i - a +6 ring of intelligence (left hand)
 p - a +6 ring of dexterity (right hand)
 s - an amulet of faith
Wands
 k - a wand of iceblast (6)
 z - a wand of flame (5)
Scrolls
 d - a scroll of magic mapping {unknown}
 l - 3 scrolls of poison {unknown}
 m - a scroll of vulnerability {unknown}
 n - 4 scrolls of teleportation {unknown}
 o - 2 scrolls of enchant weapon {unknown}
 v - 2 scrolls of immolation
 y - 2 scrolls of enchant armour
Potions
 g - 3 potions of curing
 j - 3 potions of berserk rage
 w - 2 potions of mutation
 x - 4 potions of degeneration
 A - a potion of attraction
 B - a potion of haste


   Skills:
 + Level 2.4 Fighting
 + Level 8.2 Ranged Weapons
 + Level 4.0 Dodging
 + Level 8.8 Stealth
 + Level 6.0 Translocations
 + Level 0.4 Invocations


You had 3 spell levels left.
You knew the following spells:

 Your Spells              Type           Power      Damage    Failure   Level
a - Passage of Golubria   Tloc           19%        N/A       22%         4

Your spell library contained the following spells:

 Spells                   Type           Power      Damage    Failure   Level
 Gell's Gravitas          Tloc           19%        N/A       6%          3
 Lesser Beckoning         Tloc           19%        N/A       6%          3
 Teleport Other           Tloc           19%        N/A       6%          3
 Dazzling Flash           Conj/Hex       0%         N/A       58%         3
 Ozocubu's Armour         Ice            0%         N/A       58%         3
 Metabolic Englaciation   Hex/Ice        0%         N/A       100%        5
 Conjure Ball Lightning   Conj/Air       0%         3x3d6     100%        6
 Simulacrum               Ice/Necr       0%         N/A       100%        6


Dungeon Overview and Level Annotations

Branches:
Dungeon (6/15)
 Temple: D:4-7

Altars:
Sif Muna

Shops:
D:5 (


Innate Abilities, Weirdness & Mutations

You are very small and have problems with some larger weapons.
You are too small for most types of armour.
You have supernaturally acute eyesight. (SInv)
You cover ground extremely quickly. (Speed+++)


Message History

You are too injured to fight recklessly!
Fire: a) +0 shortbow
Press: ? - help, Q - select action, (/) - cycle Shift-Dir - straight line, f - kobold brigand
Aim: a kobold brigand, wielding a +0 whip and quivering curare-tipped darts You shoot an arrow.
The arrow closely misses the kobold brigand.
You feel very sick.
Fire: a) +0 shortbow
Press: ? - help, Q - select action, (/) - cycle Shift-Dir - straight line, f/p - kobold brigand
Aim: a kobold brigand, wielding a +0 whip and quivering curare-tipped darts You shoot an arrow.
The arrow hits the kobold brigand.
The kobold brigand is lightly wounded.
You feel very sick.
Fire: a) +0 shortbow
Press: ? - help, Q - select action, (/) - cycle Shift-Dir - straight line, f/p - kobold brigand
Aim: a kobold brigand, wielding a +0 whip and quivering curare-tipped darts (lightly wounded)
You shoot an arrow. The arrow misses the kobold brigand.
You feel very sick.
Fire: a) +0 shortbow
Press: ? - help, Q - select action, (/) - cycle Shift-Dir - straight line, f/p - kobold brigand
Aim: a kobold brigand, wielding a +0 whip and quivering curare-tipped darts (lightly wounded)
You shoot an arrow. The arrow hits the kobold brigand.
The kobold brigand is lightly wounded.
You feel sick. You block the kobold brigand's attack.
You feel sick.
Unknown command.
You feel sick.
The kobold brigand throws a curare-tipped dart.
The curare-tipped dart closely misses you.
There is an open door here.
Unknown command.
You feel sick.
You are no longer poisoned.
The kobold brigand throws a curare-tipped dart.
The curare-tipped dart closely misses you.
The kobold brigand throws a curare-tipped dart.
The curare-tipped dart hits you.
You are lethally poisoned!
You have difficulty breathing.
You die...

...#
#....#...#...........#
...#
#....'...#.....#######
..## ##...##..#.....#
..## ##...##..#.....#
<..# #........#.....#
...# #........).....#
#### #........#.....#
...# ##...##..#.....#
...# ##...##@.#######
...# #.....'...# ...#
#.....#...# '###
#######...# ...#
#.....#..##### ...#
#.....K).##..## ####
#.)...#.......#####
...#
#....K#...........#
...#
#.....#..#...≈....#


You could see a kobold brigand.

Vanquished Creatures
  Menkaure (D:5)
  2 black bears
  An ice beast (D:5)
  A phantom (D:4)
  A kobold brigand (D:5)
  Blork the orc (D:5)
  A bullfrog (D:5)
  A necrophage (D:5)
  A hound (D:5)
  Crazy Yiuf (D:5)
  A gnoll shaman (D:3)
  A jelly (D:5)
  An iguana (D:5)
  Ijyb (D:4)
  7 gnolls
  7 adders
  An ufetubus (D:5)
  3 worms
  13 orcs
  5 endoplasms
  2 giant cockroaches
  7 hobgoblins
  17 kobolds
  A quokka (D:1)
  9 ball pythons
  7 bats
  6 frilled lizards
  7 goblins
  6 rats
113 creatures vanquished.

Vanquished Creatures (others)
  An orc (D:6)
1 creature vanquished.

Grand Total: 114 creatures vanquished

Notes
Turn   | Place    | Note
-------+----------+-------------------------------------------
     0 | D:1      | jifgo the Spriggan Hunter began the quest for the Orb.
     0 | D:1      | Reached XP level 1. HP: 10/10 MP: 2/2
    82 | D:1      | Found a faded altar of an unknown god.
   207 | D:1      | Reached skill level 5 in Ranged Weapons
   207 | D:1      | Reached XP level 2. HP: 11/15 MP: 3/3
   536 | D:1      | Reached XP level 3. HP: 18/18 MP: 4/4
  1025 | D:2      | Found a shimmering blue altar of Sif Muna.
  1871 | D:3      | Reached XP level 4. HP: 11/23 MP: 5/5
  2722 | D:4      | Noticed a phantom
  2793 | D:4      | Reached XP level 5. HP: 27/27 MP: 6/6
  2915 | D:4      | Noticed a black bear
  2955 | D:4      | Got the Catalogue of the Destructive Voyage
  2971 | D:4      | Learned a level 4 spell: Passage of Golubria
  3047 | D:3      | Killed a black bear
  3048 | D:3      | Reached skill level 5 in Stealth
  3048 | D:3      | Reached XP level 6. HP: 29/32 MP: 7/7
  3412 | D:4      | Noticed Ijyb
  3454 | D:4      | Killed Ijyb
  3966 | D:5      | Entered Level 5 of the Dungeon
  4079 | D:5      | Noticed an ice beast
  4422 | D:5      | Found Larhi's Weapon Shop.
  4506 | D:5      | Identified the +9 mace "Gaong" {vorpal, MP+9 Dex+4}
  4524 | D:5      | Reached XP level 7. HP: 34/35 MP: 8/8
  4631 | D:5      | Noticed Blork the orc
  5170 | D:5      | Killed Blork the orc
  5389 | D:5      | Found a runed translucent door.
  5390 | D:5      | Noticed Crazy Yiuf
  5427 | D:5      | Killed Crazy Yiuf
  5710 | D:5      | Noticed Menkaure
  5799 | D:5      | Reached skill level 5 in Translocations
  5848 | D:6      | Noticed a steam dragon
  6677 | D:5      | Reached XP level 8. HP: 17/39 MP: 9/9
  6901 | D:5      | Killed Menkaure
  7026 | D:5      | Asphyxiated

Illustrated notes

Levels and vault maps discovered:
D:1:      erik_arrival_triangle_small, layout_loops_ring, basic_ecumenical_altar
D:2:      layout_basic, basic_altar, chequers_serial_rivers_micro_b,
          minmay_randomly_rotated_circles
D:3:      layout_rooms, moated_statue, dk_noncrumbling_4, minivault_27
D:4:      layout_basic, minmay_a_box_with_orc_wizards_in_it, uniq_ijyb
D:5:      layout_gridville, serial_shops, nicolae_diamond_shop,
          uniq_crazy_yiuf_cottage, uniq_menkaure, uniq_blork_the_orc
D:6:      layout_cave_pools, minmay_temple_entry_mist,
          ebering_ghost_disaster_area

Skill      XL: |  1  2  3  4  5  6  7  8 |
---------------+-------------------------+-----
Ranged Weapons | 5 6 7 8 |  8.2
Dodging        | 3 4 |  4.0
Stealth        | 2 3 4 5 6 8 |  8.8
Fighting       | 2 |  2.4
Translocations | 2 4 6 |  6.0
Invocations    | |  0.4

Action                   |  1- 3 |  4- 6 |  7- 9 || total
-------------------------+-------+-------+-------++-------
 Fire: Shortbow          |   123 |   203 |   100 ||   426
Throw: Dart              |       |     3 |     6 ||     9
  Use: Scroll            |       |     7 |     1 ||     8
       Potion            |       |       |     2 ||     2
Armor: Robe              |     4 |     2 |     4 ||    10
Dodge: Dodged            |    26 |    40 |    70 ||   136
Block: Other             |     7 |    11 |    11 ||    29
       Reflection        |       |       |     1 ||     1

Table legend: (Time is in decaauts)
 A = Elapsed time spent in this place.
 B = Non-inter-level travel time spent in this place.
 C = Inter-level travel time spent in this place.
 D = Time resting spent in this place.
 E = Time spent auto-exploring this place.
 F = Levels seen in this place.
 G = Mean time per level.
                   A        B        C        D        E       F      G
               +--------+--------+--------+--------+--------+-----+--------+
         Total |   5400 |   5131 |    269 |   1379 |   2382 |   6 |  900.0 |
       Dungeon |   5400 |   5131 |    269 |   1379 |   2382 |   6 |  900.0 |
               +--------+--------+--------+--------+--------+-----+--------+

Top non-repeatable levels by time:
     D:5: 2166 daAuts
     D:4: 1166 daAuts
     D:2: 785 daAuts
     D:3: 738 daAuts
     D:1: 528 daAuts
     D:6: 15 daAuts
